MID
BURLINGTON BEES @ LANSING LUGNUTS
06/10/2048
 
TOP OF THE 1ST
Burlington Bees batting - Pitching for Lansing Lugnuts : RHP Josh Weinmann
Pitching: RHP Josh Weinmann
Batting: RHB Nick Lombardo 0-0: Ball
1-0: Ball
2-0: Ball
3-0: Called Strike
3-1: Base on Balls
Batting: RHB Ricky Mejicanos 0-0: Called Strike
0-1: Ball
1-1: Ball
2-1: Foul Ball, location: 2F
2-2: Strikes out swinging
Batting: RHB Kyler Seitz 0-0: Ball
1-0: Fly out, F3 (Popup, 3S, EV 70.6 MPH)
Batting: LHB Mutsuo IIda 0-0: Ball
1-0: Ball
2-0: Called Strike
2-1: Ball
3-1: Swinging Strike
3-2: SINGLE (Groundball, 6M, EV 83.1 MPH) (infield hit)
Nick Lombardo to second
Batting: RHB Dean LeCroy 0-0: Ball
1-0: Called Strike
1-1: Fielders Choice at 2nd, 5-4 (Groundball, 5, EV 105.0 MPH)
Top of the 1st over - 0 runs, 1 hit, 0 errors, 2 left on base; Burlington 0 - Lansing 0
BOTTOM OF THE 1ST
Lansing Lugnuts batting - Pitching for Burlington Bees : RHP Chris Adams
Pitching: RHP Chris Adams
Batting: LHB Timo Gomez 0-0: Ball
1-0: Ball
2-0: Foul Ball, location: 2F
2-1: SINGLE (Groundball, 6M, EV 102.5 MPH) (infield hit)
Pitching: RHP In Bea
Batting: LHB Frank Nelson 0-0: Called Strike
0-1: Called Strike
Timo Gomez steals 2nd base
0-2: Fly out, F7 (Flyball, 78S, EV 91.2 MPH)
Batting: RHB Raul de la Cruz 0-0: Called Strike
Timo Gomez steals 3rd base
0-1: Ground out 4-3 (Groundball, 4M, EV 85.6 MPH)
Timo Gomez scores
Batting: SHB Gregg Whitecotton 0-0: Ball
1-0: Ball
2-0: Foul Ball, location: 2F
2-1: Ball
3-1: Foul Ball, location: 2F
3-2: Base on Balls
Batting: RHB John Hering 0-0: Called Strike
Gregg Whitecotton steals 2nd base (no throw)
0-1: Foul Ball, location: 2F
0-2: Ground out 3-1 (Groundball, 34, EV 87.5 MPH)
Bottom of the 1st over - 1 run, 1 hit, 0 errors, 1 left on base; Burlington 0 - Lansing 1
TOP OF THE 2ND
Burlington Bees batting - Pitching for Lansing Lugnuts : RHP Josh Weinmann
Batting: RHB Danny Bjarnson 0-0: Ball
1-0: Called Strike
1-1: Ball
2-1: Called Strike
2-2: Strikes out swinging
Batting: RHB Peter Westover 0-0: Called Strike
0-1: Called Strike
0-2: Foul Ball, location: 2F
0-2: Ball
1-2: Ball
2-2: Foul Ball, location: 2F
2-2: Ball
3-2: Ground out 4-3 (Groundball, 4, EV 85.6 MPH)
Batting: LHB Mario Anguiano 0-0: Foul Ball, location: 2F
0-1: Ball
1-1: Foul Ball, location: 2F
1-2: Strikes out swinging
Top of the 2nd over - 0 runs, 0 hits, 0 errors, 0 left on base; Burlington 0 - Lansing 1
BOTTOM OF THE 2ND
Lansing Lugnuts batting - Pitching for Burlington Bees : RHP In Bea
Batting: RHB Jamie Ogilvie 0-0: Called Strike
0-1: Ball
1-1: Ball
2-1: Ball
3-1: Ground out 4-3 (Groundball, 34, EV 86.2 MPH)
Batting: RHB Scott Travis 0-0: Hit by Pitch
Batting: RHB Jose Ontiveros 0-0: Ball
Scott Travis steals 2nd base
1-0: Ball
2-0: Called Strike
2-1: Foul Ball, location: 2F
2-2: Ball
Wild Pitch!
Scott Travis to third
3-2: Ground out 1-3 (Groundball, 15S, EV 63.1 MPH)
Batting: RHB Shunsuke Shiba Inu 0-0: Fly out, F8 (Flyball, 78M, EV 72.5 MPH)
Bottom of the 2nd over - 0 runs, 0 hits, 0 errors, 1 left on base; Burlington 0 - Lansing 1
TOP OF THE 3RD
Burlington Bees batting - Pitching for Lansing Lugnuts : RHP Josh Weinmann
Batting: SHB Tim Connell 0-0: Swinging Strike
0-1: Swinging Strike
0-2: Ball
1-2: Foul Ball, location: 2F
1-2: Strikes out swinging
Batting: RHB Nick Lombardo 0-0: Swinging Strike
0-1: Foul Ball, location: 2F
0-2: Ball
1-2: SINGLE (Line Drive, 56D, EV 101.2 MPH)
Batting: RHB Ricky Mejicanos 0-0: Ball
Nick Lombardo is caught stealing 2nd base 2-4
1-0: Ball
2-0: Swinging Strike
2-1: Ground out 5-3 (Groundball, 5D, EV 101.9 MPH)
Top of the 3rd over - 0 runs, 1 hit, 0 errors, 0 left on base; Burlington 0 - Lansing 1
BOTTOM OF THE 3RD
Lansing Lugnuts batting - Pitching for Burlington Bees : RHP In Bea
Batting: LHB Timo Gomez 0-0: Ball
1-0: Ground out U3 (Groundball, 3S, EV 86.9 MPH)
Batting: LHB Frank Nelson 0-0: Ball
1-0: Foul Ball, location: 2F
1-1: Fly out, F8 (Flyball, 78D, EV 101.9 MPH)
Batting: RHB Raul de la Cruz 0-0: Ball
1-0: Ball
2-0: Ball
3-0: Base on Balls
Batting: SHB Gregg Whitecotton 0-0: Ball
1-0: Ball
Raul de la Cruz steals 2nd, throwing error, E2
Raul de la Cruz to third
2-0: Called Strike
2-1: Ball
3-1: Called Strike
3-2: Base on Balls
Batting: RHB John Hering 0-0: Foul Ball, location: 2F
0-1: Ball
1-1: Called Strike
1-2: Foul Ball, location: 2F
1-2: Ball
2-2: Ball
3-2: SINGLE (Line Drive, 7LS, EV 107.5 MPH)
Raul de la Cruz scores
Gregg Whitecotton to second
Gregg Whitecotton to third
Batting: RHB Jamie Ogilvie 0-0: Ball
1-0: Foul Ball, location: 2F
1-1: Ball
2-1: DOUBLE (Flyball, 78XD, EV 97.5 MPH)
Gregg Whitecotton scores
John Hering to third
Runner from 3rd tries for Home, SAFE, no throw by LF
Batting: RHB Scott Travis 0-0: Ball
1-0: Swinging Strike
1-1: SINGLE (Groundball, 6D, EV 94.4 MPH)
Jamie Ogilvie to third
Runner from 3rd tries for Home, SAFE, throw by LF to home
Pitching: RHP Adam Hefner
Batting: RHB Jose Ontiveros 0-0: Called Strike
0-1: Ball
1-1: Ball
Scott Travis is caught stealing 2nd base 2-4
Bottom of the 3rd over - 4 runs, 3 hits, 1 error, 0 left on base; Burlington 0 - Lansing 5
TOP OF THE 4TH
Burlington Bees batting - Pitching for Lansing Lugnuts : RHP Josh Weinmann
Batting: RHB Kyler Seitz 0-0: Ball
1-0: Swinging Strike
1-1: Swinging Strike
1-2: Ground out 6-3 (Groundball, 6, EV 100.6 MPH)
Batting: LHB Mutsuo IIda 0-0: Foul Ball, location: 2F
0-1: Called Strike
0-2: Ball
1-2: Foul Ball, location: 2F
1-2: Foul Ball, location: 2F
1-2: Ball
2-2: Foul Ball, location: 2F
2-2: Ball
3-2: Strikes out swinging
Batting: RHB Dean LeCroy 0-0: Ball
1-0: Swinging Strike
1-1: Ball
2-1: Swinging Strike
2-2: TRIPLE (Flyball, 89XD, EV 89.4 MPH)
Batting: RHB Danny Bjarnson 0-0: Ground out 5-3 (Groundball, 5S, EV 88.8 MPH)
Top of the 4th over - 0 runs, 1 hit, 0 errors, 1 left on base; Burlington 0 - Lansing 5
BOTTOM OF THE 4TH
Lansing Lugnuts batting - Pitching for Burlington Bees : RHP Adam Hefner
Batting: RHB Jose Ontiveros 0-0: Called Strike
0-1: Swinging Strike
0-2: Ball
1-2: Strikes out swinging
Batting: RHB Shunsuke Shiba Inu 0-0: Ball
1-0: Ball
2-0: Ball
3-0: Called Strike
3-1: Ground out 5-3 (Groundball, 56S, EV 78.8 MPH)
Batting: LHB Timo Gomez 0-0: Ball
1-0: Called Strike
1-1: Ground out 5-3 (Groundball, 56, EV 86.2 MPH)
Bottom of the 4th over - 0 runs, 0 hits, 0 errors, 0 left on base; Burlington 0 - Lansing 5
TOP OF THE 5TH
Burlington Bees batting - Pitching for Lansing Lugnuts : RHP Josh Weinmann
Batting: RHB Peter Westover 0-0: Ball
1-0: Called Strike
1-1: Ball
2-1: DOUBLE (Line Drive, 8RXD, EV 105.0 MPH)
Batting: LHB Mario Anguiano 0-0: Swinging Strike
0-1: Swinging Strike
0-2: Ball
1-2: Foul Ball, location: 2F
1-2: Strikes out swinging
Batting: SHB Tim Connell 0-0: Reached via error on a dropped throw from P, E3 (Groundball, 13S, EV 68.8 MPH)
Peter Westover to third
Batting: RHB Nick Lombardo 0-0: Called Strike
0-1: Ball
1-1: Ball
Wild Pitch!
Peter Westover scores
Tim Connell to second
2-1: Called Strike
2-2: Ground out 6-3 (Groundball, 6, EV 78.1 MPH)
Tim Connell to third
Batting: RHB Ricky Mejicanos 0-0: Called Strike
0-1: Called Strike
0-2: Ball
1-2: Strikes out looking
Top of the 5th over - 1 run, 1 hit, 1 error, 1 left on base; Burlington 1 - Lansing 5
BOTTOM OF THE 5TH
Lansing Lugnuts batting - Pitching for Burlington Bees : RHP Adam Hefner
Batting: LHB Frank Nelson 0-0: Ball
1-0: Ball
2-0: Called Strike
2-1: Called Strike
2-2: Strikes out swinging
Batting: RHB Raul de la Cruz 0-0: Ball
1-0: Called Strike
1-1: Ball
2-1: Ball
3-1: Base on Balls
Batting: SHB Gregg Whitecotton 0-0: Ball
1-0: Called Strike
Raul de la Cruz steals 2nd base
1-1: Called Strike
1-2: Ball
2-2: Foul Ball, location: 2F
2-2: Ball
3-2: Fly out, F7 (Flyball, 78D, EV 81.2 MPH)
Batting: RHB John Hering 0-0: Ground out 4-3 (Groundball, 4, EV 91.2 MPH)
Bottom of the 5th over - 0 runs, 0 hits, 0 errors, 1 left on base; Burlington 1 - Lansing 5
TOP OF THE 6TH
Burlington Bees batting - Pitching for Lansing Lugnuts : RHP Josh Weinmann
Batting: RHB Kyler Seitz 0-0: Ball
1-0: Ball
2-0: Foul Ball, location: 2F
2-1: Swinging Strike
2-2: Ball
3-2: Strikes out looking
Batting: LHB Mutsuo IIda 0-0: Ball
1-0: Ball
2-0: Called Strike
2-1: Foul Ball, location: 2F
2-2: SINGLE (Groundball, 56D, EV 105.6 MPH)
Batting: RHB Dean LeCroy 0-0: Ball
Mutsuo IIda is caught stealing 2nd base 2-4
1-0: Called Strike
1-1: Ball
2-1: Ball
3-1: Foul Ball, location: 2F
3-2: Base on Balls
Pitching: RHP Scott Lowry
Batting: RHB Danny Bjarnson 0-0: Called Strike
0-1: Ball
1-1: Ball
2-1: Foul Ball, location: 2F
2-2: SINGLE (Groundball, 56D, EV 100.0 MPH)
Dean LeCroy to second
Batting: RHB Peter Westover 0-0: Ground out 5-3 (Groundball, 56S, EV 89.4 MPH)
Top of the 6th over - 0 runs, 2 hits, 0 errors, 2 left on base; Burlington 1 - Lansing 5
BOTTOM OF THE 6TH
Lansing Lugnuts batting - Pitching for Burlington Bees : RHP Adam Hefner
Batting: RHB Jamie Ogilvie 0-0: Ball
1-0: Swinging Strike
1-1: Foul Ball, location: 2F
1-2: Foul Ball, location: 2F
1-2: Ball
2-2: Ball
3-2: Base on Balls
Batting: RHB Scott Travis 0-0: Reached on error, E6 (Groundball, 6S, EV 88.1 MPH)
Jamie Ogilvie to second
Batting: RHB Jose Ontiveros 0-0: Ball
Wild Pitch!
Jamie Ogilvie to third
Scott Travis to second
1-0: Ball
2-0: Ground out 3-1 (Groundball, 34, EV 91.2 MPH)
Jamie Ogilvie scores
Scott Travis to third
Pitching: RHP Devin Spears
Batting: RHB Shunsuke Shiba Inu 0-0: Ball
1-0: Fly out, F5 (Popup, 5SF, EV 86.9 MPH)
Batting: LHB Timo Gomez 0-0: Called Strike
0-1: Swinging Strike
0-2: Ball
1-2: Foul Ball, location: 2F
1-2: Ball
2-2: Strikes out swinging
Bottom of the 6th over - 1 run, 0 hits, 1 error, 1 left on base; Burlington 1 - Lansing 6
TOP OF THE 7TH
Burlington Bees batting - Pitching for Lansing Lugnuts : RHP Scott Lowry
Now at 2B: Dylan Phillips
Batting: LHB Mario Anguiano 0-0: Ball
1-0: Called Strike
1-1: Foul Ball, location: 2F
1-2: SINGLE (Groundball, 4MD, EV 95.0 MPH)
DELAY Rain delay of 69 minutes in the 7th inning.
Batting: SHB Tim Connell 0-0: Called Strike
0-1: Foul Ball, location: 2F
0-2: Foul Ball, location: 2F
0-2: Ground out 5-3 (Groundball, 5L, EV 88.8 MPH)
Mario Anguiano to second
Batting: RHB Nick Lombardo 0-0: Ground out 6-3 (Groundball, 6, EV 92.5 MPH)
Batting: RHB Ricky Mejicanos 0-0: Fly out, F8 (Flyball, 8LD, EV 103.8 MPH)
Top of the 7th over - 0 runs, 1 hit, 0 errors, 1 left on base; Burlington 1 - Lansing 6
BOTTOM OF THE 7TH
Lansing Lugnuts batting - Pitching for Burlington Bees : RHP Devin Spears
Batting: LHB Frank Nelson 0-0: Foul Ball, location: 2F
0-1: Ground out 4-3 (Groundball, 4, EV 77.5 MPH)
Batting: RHB Raul de la Cruz 0-0: Called Strike
0-1: Ball
1-1: Fly out, F9 (Flyball, 89M, EV 86.9 MPH)
Batting: SHB Gregg Whitecotton 0-0: Ball
1-0: Called Strike
1-1: Called Strike
1-2: Ground out U3 (Groundball, 3L, EV 109.4 MPH)
Bottom of the 7th over - 0 runs, 0 hits, 0 errors, 0 left on base; Burlington 1 - Lansing 6
TOP OF THE 8TH
Burlington Bees batting - Pitching for Lansing Lugnuts : RHP Scott Lowry
Now in RF: Julio Canseco
Batting: RHB Kyler Seitz 0-0: Swinging Strike
0-1: Ball
1-1: Foul Ball, location: 2F
1-2: Ground out 5-3 (Groundball, 56, EV 88.1 MPH)
Batting: LHB Mutsuo IIda 0-0: Ball
1-0: Ground out U3 (Groundball, 34, EV 101.9 MPH)
Pitching: LHP Mike Oakes
Batting: RHB Dean LeCroy 0-0: Called Strike
0-1: Foul Ball, location: 2F
0-2: Ball
1-2: Strikes out swinging
Top of the 8th over - 0 runs, 0 hits, 0 errors, 0 left on base; Burlington 1 - Lansing 6
BOTTOM OF THE 8TH
Lansing Lugnuts batting - Pitching for Burlington Bees : RHP Devin Spears
Batting: RHB John Hering 0-0: Fly out, F9 (Flyball, 89M, EV 93.1 MPH)
Batting: RHB Jamie Ogilvie 0-0: Foul Ball, location: 2F
0-1: Ball
1-1: Ball
2-1: Ground out 5-3 (Groundball, 5S, EV 78.8 MPH)
Pitching: RHP Jose Alvarado
Batting: RHB Scott Travis 0-0: Swinging Strike
0-1: SINGLE (Line Drive, 4M, EV 100.0 MPH)
Batting: RHB Jose Ontiveros 0-0: Called Strike
Scott Travis is caught stealing 2nd base 2-4
Bottom of the 8th over - 0 runs, 1 hit, 0 errors, 0 left on base; Burlington 1 - Lansing 6
TOP OF THE 9TH
Burlington Bees batting - Pitching for Lansing Lugnuts : LHP Mike Oakes
Batting: RHB Danny Bjarnson 0-0: Foul Ball, location: 2F
0-1: Foul Ball, location: 2F
0-2: Ball
1-2: Ground out 4-3 (Groundball, 4D, EV 103.1 MPH)
Batting: RHB Peter Westover 0-0: Called Strike
0-1: Ball
1-1: Swinging Strike
1-2: Ball
2-2: Ground out 5-3 (Groundball, 56, EV 85.6 MPH)
Batting: LHB Mario Anguiano 0-0: Swinging Strike
0-1: Swinging Strike
0-2: Ball
1-2: Strikes out looking
Top of the 9th over - 0 runs, 0 hits, 0 errors, 0 left on base; Burlington 1 - Lansing 6
Tuesday, March 28th , 2023 - OOTP Baseball 23.10 Build 110